PAAA
ATHLETIC CLUB KC RESERVES @ PURE MICHIGAN GREAT LAKERS
07/30/2026
 
TOP OF THE 1ST
Athletic Club KC Reserves batting - Pitching for Pure Michigan Great Lakers : LHP Jim Unknown
Pitching: LHP Jim Unknown
Batting: RHB Rick Atkinson 0-0: Called Strike
0-1: SINGLE (Line Drive, 4)
Batting: RHB Bill Dennis 0-0: Fly out, F7 (Flyball, 7)
Batting: LHB Michael Landry 0-0: Called Strike
0-1: Ball
1-1: Ball
2-1: SINGLE (Flyball, 89S)
Rick Atkinson to second
Runner from 2nd tries for 3rd, SAFE, throw made to third
Batting: LHB Chris Hill 0-0: Called Strike
0-1: Ball
1-1: Called Strike
1-2: SINGLE (Groundball, 4MD)
Rick Atkinson scores
Michael Landry to second
Runner from 2nd tries for 3rd, SAFE, throw made to third
Chris Hill to second
Batting: RHB Robert Hill 0-0: Called Strike
0-1: Ground out 5-3 (Groundball, 56)
Michael Landry scores
Batting: LHB Miguel Martínez 0-0: Ball
1-0: Ball
2-0: Foul Ball, location: 2F
2-1: Swinging Strike
2-2: Strikes out swinging
Top of the 1st over - 2 run(s), 3 hit(s), 0 error(s), 1 left on base; Athletic Club KC 2 - Pure Michigan 0
BOTTOM OF THE 1ST
Pure Michigan Great Lakers batting - Pitching for Athletic Club KC Reserves : RHP Jake Hawkins
Pitching: RHP Jake Hawkins
Batting: RHB Jean Chamissa 0-0: Ball
1-0: Foul Ball, location: 2F
1-1: Called Strike
1-2: Foul Ball, location: 2F
1-2: Fly out, F9 (Flyball, 9)
Batting: RHB Ron Ward 0-0: Ball
1-0: Ball
2-0: Ball
3-0: Base on Balls
Batting: LHB Tim Waters 0-0: Ball
1-0: Called Strike
1-1: Swinging Strike
1-2: Ball
2-2: Ball
3-2: Base on Balls
Ron Ward to second
Batting: LHB Greg Robinson 0-0: Ball
1-0: Called Strike
1-1: Foul Ball, location: 2F
1-2: SINGLE (Line Drive, 6MD)
Ron Ward to third
Tim Waters to second
Batting: LHB Bartolo Benítez 0-0: Ball
1-0: Ball
2-0: Called Strike
2-1: Foul Ball, location: 2F
2-2: Fly out, F2 (Popup, 56S)
Batting: LHB César Muńóz 0-0: Ball
1-0: SINGLE (Groundball, 4MD)
Ron Ward scores
Tim Waters to third
Greg Robinson to second
Runner from 3rd tries for Home, SAFE, no throw
Batting: LHB António Boccanegra 0-0: Called Strike
0-1: SINGLE (Flyball, 7S)
Greg Robinson to third
César Muńóz to second
Runner from 3rd tries for Home, SAFE, no throw
Batting: RHB Kap-yong Chong 0-0: Ball
1-0: Called Strike
1-1: Ball
2-1: Fly out, F6 (Popup, 6)
Bottom of the 1st over - 3 run(s), 3 hit(s), 0 error(s), 2 left on base; Athletic Club KC 2 - Pure Michigan 3
TOP OF THE 2ND
Athletic Club KC Reserves batting - Pitching for Pure Michigan Great Lakers : LHP Jim Unknown
Batting: RHB Allen Williams 0-0: Called Strike
0-1: Ball
1-1: Ball
2-1: Foul Ball, location: 2F
2-2: Ground out 5-3 (Groundball, 56)
Batting: RHB Mike Lovell 0-0: Called Strike
0-1: Foul Ball, location: 2F
0-2: Strikes out swinging
Batting: RHB Chris Teague 0-0: Foul Ball, location: 2F
0-1: Ball
1-1: Ground out 5-3 (Groundball, 56)
Top of the 2nd over - 0 run(s), 0 hit(s), 0 error(s), 0 left on base; Athletic Club KC 2 - Pure Michigan 3
BOTTOM OF THE 2ND
Pure Michigan Great Lakers batting - Pitching for Athletic Club KC Reserves : RHP Jake Hawkins
Batting: RHB Alex Maxwell 0-0: Ball
1-0: Ball
2-0: Ground out 6-3 (Groundball, 6S)
Batting: RHB Jean Chamissa 0-0: Ball
1-0: Called Strike
1-1: Ball
2-1: SOLO HOME RUN (Flyball, 78XD), Distance : 419 ft
Batting: RHB Ron Ward 0-0: Ball
1-0: Foul Ball, location: 2F
1-1: Ball
2-1: Foul Ball, location: 2F
2-2: Ball
3-2: Fly out, F9 (Flyball, 9LSF)
Batting: LHB Tim Waters 0-0: Called Strike
0-1: Foul Ball, location: 2F
0-2: Hit by Pitch
Batting: LHB Greg Robinson 0-0: Ball
1-0: SINGLE (Line Drive, 8RS)
Tim Waters to second
Batting: LHB Bartolo Benítez 0-0: Called Strike
0-1: Foul Ball, location: 2F
0-2: Ball
1-2: Ground out U3 (Groundball, 3L)
Bottom of the 2nd over - 1 run(s), 2 hit(s), 0 error(s), 2 left on base; Athletic Club KC 2 - Pure Michigan 4
TOP OF THE 3RD
Athletic Club KC Reserves batting - Pitching for Pure Michigan Great Lakers : LHP Jim Unknown
Batting: RHB Rick Atkinson 0-0: Called Strike
0-1: Ball
1-1: Ball
2-1: Ground out 4-3 (Groundball, 34)
Batting: RHB Bill Dennis 0-0: Called Strike
0-1: Ground out 6-3 (Groundball, 6)
Batting: LHB Michael Landry 0-0: Ball
1-0: Swinging Strike
1-1: Ball
2-1: Ground out 4-3 (Groundball, 4)
Top of the 3rd over - 0 run(s), 0 hit(s), 0 error(s), 0 left on base; Athletic Club KC 2 - Pure Michigan 4
BOTTOM OF THE 3RD
Pure Michigan Great Lakers batting - Pitching for Athletic Club KC Reserves : RHP Jake Hawkins
Batting: LHB César Muńóz 0-0: Fly out, F8 (Line Drive, 8LM)
Batting: LHB António Boccanegra 0-0: Foul Ball, location: 2F
0-1: Swinging Strike
0-2: Ball
1-2: Fly out, F9 (Flyball, 9)
Batting: RHB Kap-yong Chong 0-0: DOUBLE (Line Drive, 7LM)
Batting: RHB Alex Maxwell 0-0: Foul Ball, location: 2F
0-1: Fly out, F9 (Flyball, 89S)
Bottom of the 3rd over - 0 run(s), 1 hit(s), 0 error(s), 1 left on base; Athletic Club KC 2 - Pure Michigan 4
TOP OF THE 4TH
Athletic Club KC Reserves batting - Pitching for Pure Michigan Great Lakers : LHP Jim Unknown
Batting: LHB Chris Hill 0-0: Called Strike
0-1: Ground out 6-3 (Groundball, 56)
Batting: RHB Robert Hill 0-0: Called Strike
0-1: Ball
1-1: Ball
2-1: Foul Ball, location: 2F
2-2: Fly out, F8 (Flyball, 8RD)
Batting: LHB Miguel Martínez 0-0: Swinging Strike
0-1: Ground out 1-3 (Groundball, P)
Top of the 4th over - 0 run(s), 0 hit(s), 0 error(s), 0 left on base; Athletic Club KC 2 - Pure Michigan 4
BOTTOM OF THE 4TH
Pure Michigan Great Lakers batting - Pitching for Athletic Club KC Reserves : RHP Jake Hawkins
Batting: RHB Jean Chamissa 0-0: Ball
1-0: Ground out 5-3 (Groundball, 56)
Batting: RHB Ron Ward 0-0: Called Strike
0-1: Ball
1-1: Fly out, F9 (Flyball, 9D)
Batting: LHB Tim Waters 0-0: Swinging Strike
0-1: Foul Ball, location: 2F
0-2: Ball
1-2: Foul Ball, location: 2F
1-2: SOLO HOME RUN (Flyball, 8RXD), Distance : 447 ft
Batting: LHB Greg Robinson 0-0: Ball
1-0: Ball
2-0: Ball
3-0: Called Strike
3-1: Base on Balls
Batting: LHB Bartolo Benítez 0-0: Foul Ball, location: 2F
0-1: Ball
1-1: DOUBLE (Line Drive, 7LS)
Greg Robinson to third
Batting: LHB César Muńóz 0-0: Ball
1-0: Ball
2-0: Called Strike
2-1: Called Strike
2-2: Ball
3-2: Foul Ball, location: 2F
3-2: Fly out, F3 (Line Drive, 34)
Bottom of the 4th over - 1 run(s), 2 hit(s), 0 error(s), 2 left on base; Athletic Club KC 2 - Pure Michigan 5
TOP OF THE 5TH
Athletic Club KC Reserves batting - Pitching for Pure Michigan Great Lakers : LHP Jim Unknown
Batting: RHB Allen Williams 0-0: Ball
1-0: Foul Ball, location: 2F
1-1: Ball
2-1: Ball
3-1: Foul Ball, location: 2F
3-2: Ground out 6-3 (Groundball, 6)
Batting: RHB Mike Lovell 0-0: Swinging Strike
0-1: Swinging Strike
0-2: Foul Ball, location: 2F
0-2: Ball
1-2: Foul Ball, location: 2F
1-2: Strikes out swinging
Batting: RHB Chris Teague 0-0: Ball
1-0: Ground out 5-3 (Groundball, 56)
Top of the 5th over - 0 run(s), 0 hit(s), 0 error(s), 0 left on base; Athletic Club KC 2 - Pure Michigan 5
BOTTOM OF THE 5TH
Pure Michigan Great Lakers batting - Pitching for Athletic Club KC Reserves : RHP Jake Hawkins
Pitching: RHP Alfonso Álvarez
Batting: LHB António Boccanegra 0-0: Ball
1-0: Ground out 4-3 (Groundball, 4)
Batting: RHB Kap-yong Chong 0-0: Fly out, F9 (Flyball, 9S)
Batting: RHB Alex Maxwell 0-0: Called Strike
0-1: Ball
1-1: Ball
2-1: Swinging Strike
2-2: Ball
3-2: Base on Balls
Batting: RHB Jean Chamissa 0-0: Ball
1-0: Called Strike
1-1: Ball
2-1: Ball
3-1: Fielders Choice at 2nd, 6-4 (Groundball, 6)
Bottom of the 5th over - 0 run(s), 0 hit(s), 0 error(s), 0 left on base; Athletic Club KC 2 - Pure Michigan 5
TOP OF THE 6TH
Athletic Club KC Reserves batting - Pitching for Pure Michigan Great Lakers : LHP Jim Unknown
Batting: RHB Rick Atkinson 0-0: Foul Ball, location: 2F
0-1: Foul Ball, location: 2F
0-2: Ball
1-2: Foul Ball, location: 2F
1-2: Strikes out swinging
Batting: RHB Bill Dennis 0-0: Called Strike
0-1: Ball
1-1: Ball
2-1: SINGLE (Groundball, 56D)
Batting: LHB Michael Landry 0-0: Ball
1-0: Swinging Strike
1-1: SINGLE (Groundball, 6MD)
Bill Dennis to second
Runner from 2nd tries for 3rd, SAFE, throw made to third
Batting: LHB Chris Hill 0-0: Ball
1-0: Ball
2-0: Foul Ball, location: 2F
2-1: Ball
3-1: Base on Balls
Michael Landry to second
Batting: RHB Robert Hill 0-0: Called Strike
0-1: Swinging Strike
0-2: Strikes out swinging
Batting: LHB Miguel Martínez 0-0: Ball
1-0: Called Strike
1-1: Foul Ball, location: 2F
1-2: Strikes out swinging
Top of the 6th over - 0 run(s), 2 hit(s), 0 error(s), 3 left on base; Athletic Club KC 2 - Pure Michigan 5
BOTTOM OF THE 6TH
Pure Michigan Great Lakers batting - Pitching for Athletic Club KC Reserves : RHP Alfonso Álvarez
Batting: RHB Ron Ward 0-0: Ball
1-0: Called Strike
1-1: Called Strike
1-2: Foul Ball, location: 2F
1-2: Strikes out swinging
Batting: LHB Tim Waters 0-0: Ball
1-0: Ground out 1-3 (Groundball, 13)
Batting: LHB Greg Robinson 0-0: Ball
1-0: Ball
2-0: Foul Ball, location: 2F
2-1: Called Strike
2-2: Strikes out swinging
Bottom of the 6th over - 0 run(s), 0 hit(s), 0 error(s), 0 left on base; Athletic Club KC 2 - Pure Michigan 5
TOP OF THE 7TH
Athletic Club KC Reserves batting - Pitching for Pure Michigan Great Lakers : LHP Jim Unknown
Batting: RHB Allen Williams 0-0: Called Strike
0-1: Ball
1-1: Swinging Strike
1-2: Strikes out swinging
Batting: RHB Mike Lovell 0-0: Foul Ball, location: 2F
0-1: SINGLE (Line Drive, 9LS)
Batting: RHB Chris Teague Pickoff Throw to First - Out!
0-0: Ball
1-0: Ground out 6-3 (Groundball, 6)
Top of the 7th over - 0 run(s), 1 hit(s), 0 error(s), 0 left on base; Athletic Club KC 2 - Pure Michigan 5
BOTTOM OF THE 7TH
Pure Michigan Great Lakers batting - Pitching for Athletic Club KC Reserves : RHP Alfonso Álvarez
Batting: LHB Bartolo Benítez 0-0: Ball
1-0: Ground out U3 (Groundball, 3L)
Batting: LHB César Muńóz 0-0: Ball
1-0: Foul Ball, location: 2F
1-1: Foul Ball, location: 2F
1-2: Ball
2-2: Ball
3-2: Base on Balls
Pitching: RHP Elvin Brooks
Batting: LHB António Boccanegra 0-0: Ball
César Muńóz steals 2nd base
1-0: Intentional Walk
Batting: RHB Kap-yong Chong 0-0: Ball
1-0: Foul Ball, location: 2F
1-1: Reached on error, E1 (Groundball, 15S)
César Muńóz to third
António Boccanegra to second
Pinch Hitting: LHB Eric Thackston 0-0: Foul Ball, location: 2F
0-1: Swinging Strike
0-2: Ball
1-2: Foul Ball, location: 2F
1-2: Foul Ball, location: 2F
1-2: Ball
2-2: Foul Ball, location: 2F
2-2: Fly out, F7 (Flyball, 7)
Runner from 3rd tags up, SCORES, no throw
Batting: RHB Jean Chamissa 0-0: Ball
1-0: Ground out 6-3 (Groundball, 56)
Bottom of the 7th over - 1 run(s), 0 hit(s), 1 error(s), 2 left on base; Athletic Club KC 2 - Pure Michigan 6
TOP OF THE 8TH
Athletic Club KC Reserves batting - Pitching for Pure Michigan Great Lakers : LHP Jim Unknown
Now in LF: Eric Thackston
Batting: RHB Rick Atkinson 0-0: Ball
1-0: Ball
2-0: Foul Ball, location: 2F
2-1: Ball
3-1: Called Strike
3-2: Strikes out swinging
Pitching: RHP Lorenzo Tamargo
Batting: RHB Bill Dennis 0-0: Swinging Strike
0-1: Ball
1-1: Foul Ball, location: 2F
1-2: Foul Ball, location: 2F
1-2: Ground out 6-3 (Groundball, 6)
Batting: LHB Michael Landry 0-0: Foul Ball, location: 2F
0-1: Ball
1-1: Called Strike
1-2: Strikes out looking
Top of the 8th over - 0 run(s), 0 hit(s), 0 error(s), 0 left on base; Athletic Club KC 2 - Pure Michigan 6
BOTTOM OF THE 8TH
Pure Michigan Great Lakers batting - Pitching for Athletic Club KC Reserves : RHP Elvin Brooks
Batting: RHB Ron Ward 0-0: Foul Ball, location: 2F
0-1: Swinging Strike
0-2: Strikes out swinging
Batting: LHB Tim Waters 0-0: Ball
1-0: Ball
2-0: Called Strike
2-1: Ground out 4-3 (Groundball, 4)
Batting: LHB Greg Robinson 0-0: Ball
1-0: Called Strike
1-1: Called Strike
1-2: Ground out 6-3 (Groundball, 6)
Bottom of the 8th over - 0 run(s), 0 hit(s), 0 error(s), 0 left on base; Athletic Club KC 2 - Pure Michigan 6
TOP OF THE 9TH
Athletic Club KC Reserves batting - Pitching for Pure Michigan Great Lakers : RHP Lorenzo Tamargo
Pitching: RHP Jim Unknown
Batting: LHB Chris Hill 0-0: Ball
1-0: Foul Ball, location: 2F
1-1: Ball
2-1: Ball
3-1: Base on Balls
Batting: RHB Robert Hill 0-0: Called Strike
0-1: Ball
1-1: Swinging Strike
1-2: Ball
2-2: Fly out, F7 (Line Drive, 78M)
Batting: LHB Miguel Martínez 0-0: Ball
1-0: Ball
2-0: Foul Ball, location: 2F
2-1: Ball
3-1: Swinging Strike
3-2: Ground out 4-3 (Groundball, 4)
Chris Hill to second
Batting: RHB Allen Williams 0-0: Called Strike
0-1: Ball
1-1: Fly out, F5 (Popup, 5L)
Top of the 9th over - 0 run(s), 0 hit(s), 0 error(s), 1 left on base; Athletic Club KC 2 - Pure Michigan 6
Monday, March 20th, 2017 - OOTP Baseball 17.12 Build 75